 Dungeon Crawl Stone Soup version 0.31-a0-152-g6aa68a64a1 (webtiles) character file.

Game seed: 8193844311884685870

3215 qw the Skirmisher (level 9, -1/86 HPs)
             Began as a Naga Hunter on June 10, 2023.
             Was an Initiate of Okawaru.
             Slain by a death yak (26 damage)
             ... on level 8 of the Dungeon.
             The game lasted 00:02:50 (7387 turns).

qw the Skirmisher (Naga Hunter)                     Turns: 7387, Time: 00:02:50

Health: -1/86      AC:  6    Str: 14    XL:     9   Next: 97%
Magic:  11/12      EV: 11    Int:  9    God:    Okawaru [......]
Gold:   272        SH:  0    Dex: 19    Spells: 8/8 levels left

rFire   . . .        Y - +1 orcbow
rCold   . . .        (shield currently unavailable)
rNeg    . . .        c - +0 leather armour
rPois   +            n - +0 helmet
rElec   .            j - +0 cloak
rCorr   .            (no gloves)
SInv    +            (no barding)
Will    ++...        (no amulet)
Stlth   ++           l - ring of willpower
HPRegen 0.34/turn    (no ring)
MPRegen 0.13/turn

%: no passive effects
@: short of breath, very slow
A: AC +3, large, see invisible, deformed body, poison resistance, slowness 2,
spit poison 1, naga tail 1
a: Spit Poison, Renounce Religion


You were on level 8 of the Dungeon.
You worshipped Okawaru.
Okawaru was noncommittal.
You visited 2 branches of the dungeon, and saw 9 of its levels.

You collected 272 gold pieces.


Innate Abilities, Weirdness & Mutations

Your serpentine skin is tough. (AC +3)
You have supernaturally acute eyesight. (SInv)
Armour fits poorly on your strangely shaped body.
Your system is resistant to poisons. (rPois)
You cover ground very slowly.
You can spit poison.
You have a snake-like lower body.


   Skills:
 - Level 7.0 Fighting
 + Level 10.4 Ranged Weapons
 - Level 1.0 Armour
 - Level 3.1 Dodging
 - Level 1.5 Stealth
 - Level 4.0 Invocations


You had 8 spell levels left.
You didn't know any spells.
Your spell library was empty.

Inventory:

Hand Weapons
 i - the +5 sling "Emyixzuv" {flame, rC+ Int+5 Dex-3}
   (You found it on level 2 of the Dungeon)

   Int:       It affects your intelligence (+5).
   Dex:       It affects your dexterity (-3).
   rC:        It protects you from cold.
 Y - a +1 orcbow (weapon)
Armour
 c - a +0 leather armour (worn)
 j - a +0 cloak (worn)
 n - a +0 helmet (worn)
Jewellery
 d - a ring of ice
 e - a ring of ice
 l - a ring of willpower (left hand)
 p - the amulet of the Firefly {Acrobat *Corrode rPois rN+}
   (You took it off an orc on level 8 of the Dungeon)

   [amulet of the acrobat]

   It increases your evasion while moving and waiting.
   rPois:     It protects you from poison.
   rN:        It protects you from negative energy.
   *Corrode:  It may corrode you when you take damage.
Wands
 m - a wand of digging (7)
Scrolls
 a - 2 scrolls of teleportation
 g - 2 scrolls of identify
Potions
 b - a potion of might
 f - a potion of mutation
 h - a potion of enlightenment {unknown}
 k - a potion of cancellation
 o - a potion of haste

Dungeon Overview and Level Annotations

Branches:
Dungeon (8/15)             Temple (1/1) D:6
   Lair: D:8-11

Altars:
Ashenzari
Cheibriados
Dithmenos
Elyvilon
Fedhas
Gozag
Hepliaklqana
Kikubaaqudgha
Makhleb
Nemelex Xobeh
Okawaru
Qazlal
Ru
Sif Muna
Trog
Uskayaw
Wu Jian
Xom
Yredelemnul
The Shining One


Message History

The gnoll closely misses you. The death yak misses you.
You shoot an arrow. The arrow hits the death yak.
The death yak is heavily wounded.
The quokka barely misses you.
A river rat comes into view.
The gnoll misses you. The gnoll closely misses you. The death yak gores you.
A rat comes into view.
You shoot an arrow. The arrow hits the death yak.
The death yak is heavily wounded.
The quokka barely misses you. The death yak gores you.
The gnoll hits you with a +0 whip. The gnoll closely misses you.
The death yak gores you!
You shoot an arrow. The arrow hits the death yak.
The death yak is heavily wounded.
You have got your breath back.
The quokka closely misses you.
7385 ||| INVOKING Spit Poison.
Aiming: Spit Poison (1% risk of failure)
Press: ? - help, Shift-Dir - straight line, f/p - death yak The splash of poison hits the death yak but does no damage.
The death yak is heavily wounded.
The death yak looks more healthy.
The death yak gores you! The gnoll hits you with a +0 whip.
A river rat comes into view.
The death yak gores you but does no damage.
The gnoll hits you but does no damage.
You shoot an arrow.
The arrow hits the death yak but does no damage.
The death yak is severely wounded.
The death yak gores you. The gnoll hits you with a +0 whip.
The gnoll barely misses you.
The death yak gores you but does no damage.
You shoot an arrow. The arrow hits the death yak!
The death yak is severely wounded.
You feel like a meek peon again. The quokka closely misses you.
The gnoll hits you from afar with a +0 spear.
The gnoll hits you with a +0 whip. The death yak barely misses you.
The death yak gores you!!
You die...

..# #.# .# ###
#.# . . #.#
.#.. #.# .)...
##########.....
#...#....g...
#...#.rgY.#
#(..#..@Yr#
#...#..rYr#..
#...'.....r...
##.##.....#..rr
# #.##.....#
... #
#.##.....# .# #
##.######## . #
#........# ....
# #........#
#..#..#####


You could see 3 death yaks, 2 gnolls, 3 river rats, 2 quokkas and 2 rats.

Vanquished Creatures
  Prince Ribbit (D:8)
  Sigmund (D:3)
  Edmund (D:6)
  2 water moccasins
  3 orc warriors
  A black bear (D:4)
  A sky beast (D:7)
  An ice beast (D:7)
  2 ogres
  2 centaurs
  A phantom (D:3)
  A kobold brigand (D:7)
  4 bullfrogs
  4 scorpions
  A gnoll sergeant (D:7)
  3 killer bees (D:8)
  2 hounds
  A jelly (D:6)
  3 orc priests
  A sleepcap (D:5)
  8 orc wizards
  An iguana (D:4)
  13 gnolls
  6 adders
  A shadow imp (D:8)
  A white imp (D:6)
  3 ufetubi
  A worm (D:2)
  3 dart slugs
  41 orcs
  4 bats
  5 endoplasms
  A giant cockroach (D:3)
  16 goblins
  12 hobgoblins
  14 jackals
  3 quokkas
  7 ball pythons
  3 frilled lizards
  9 kobolds
  4 rats
192 creatures vanquished.

Notes
Turn   | Place    | Note
-------+----------+-------------------------------------------
     0 | D:1      | qw the Naga Hunter began the quest for the Orb.
     0 | D:1      | Reached XP level 1. HP: 19/19 MP: 1/1
     0 | D:1      | 0 ||| qw: Version: 0.2-a-122-gbc61b45
     0 | D:1      | 0 ||| qw: Game counter: 3528
     0 | D:1      | 0 ||| qw: Always use a shield: true
     0 | D:1      | 0 ||| qw: God list: Okawaru
     0 | D:1      | 0 ||| qw: Allow faded altars: false
     0 | D:1      | 0 ||| qw: Do Orc after D:15 true
     0 | D:1      | 0 ||| qw: Do second Lair branch before Depths: true
     0 | D:1      | 0 ||| qw: Lair rune preference: random
     0 | D:1      | 0 ||| qw: Plans: Normal
     0 | D:1      | 0 ||| PLANNING D:1-11
    62 | D:1      | 62 ||| INVOKING Spit Poison.
    65 | D:1      | 65 ||| INVOKING Spit Poison.
    66 | D:1      | 66 ||| INVOKING Spit Poison.
   134 | D:1      | 134 ||| INVOKING Spit Poison.
   138 | D:1      | 138 ||| INVOKING Spit Poison.
   140 | D:1      | Reached skill level 4 in Ranged Weapons
   140 | D:1      | Reached XP level 2. HP: 24/26 MP: 2/2
   142 | D:1      | 142 ||| INVOKING Spit Poison.
   146 | D:1      | 146 ||| INVOKING Spit Poison.
   152 | D:1      | 152 ||| INVOKING Spit Poison.
   158 | D:1      | 158 ||| INVOKING Spit Poison.
   231 | D:1      | 231 ||| INVOKING Spit Poison.
   258 | D:1      | 258 ||| INVOKING Spit Poison.
   264 | D:1      | 264 ||| INVOKING Spit Poison.
   268 | D:1      | 268 ||| INVOKING Spit Poison.
   274 | D:1      | 274 ||| INVOKING Spit Poison.
   276 | D:1      | HP: 4/26 [hobgoblin (4)]
   277 | D:1      | 277 ||| INVOKING Spit Poison.
   283 | D:1      | 283 ||| INVOKING Spit Poison.
   389 | D:1      | 389 ||| INVOKING Spit Poison.
   423 | D:1      | Reached XP level 3. HP: 32/32 MP: 3/3
   428 | D:1      | 428 ||| INVOKING Spit Poison.
   432 | D:1      | 432 ||| INVOKING Spit Poison.
   436 | D:1      | 436 ||| INVOKING Spit Poison.
   441 | D:1      | 441 ||| INVOKING Spit Poison.
   633 | D:1      | 633 ||| INVOKING Spit Poison.
   848 | D:1      | 848 ||| INVOKING Spit Poison.
   941 | D:1      | 941 ||| UPGRADING to +0 cloak.
   946 | D:1      | 946 ||| READING scroll labelled ASTRAY ZU ESATI.
   947 | D:1      | 947 ||| READING scroll labelled TAMUJA PYEFU.
   948 | D:1      | 948 ||| READING scroll labelled PEDYIQUIXU.
   949 | D:1      | 949 ||| READING scroll labelled PIYTUR HAVE.
   950 | D:1      | 950 ||| READING scroll labelled PIATYRE XAFUYM.
  1051 | D:1      | 1051 ||| DRINKING 2 smoky emerald potions.
  1097 | D:1      | 1097 ||| DROPPING scroll of butterflies.
  1098 | D:1      | 1098 ||| DROPPING potion of lignification.
  1111 | D:2      | 1111 ||| INVOKING Spit Poison.
  1292 | D:2      | 1292 ||| INVOKING Spit Poison.
  1372 | D:2      | 1372 ||| INVOKING Spit Poison.
  1377 | D:2      | 1377 ||| INVOKING Spit Poison.
  1378 | D:2      | 1378 ||| INVOKING Spit Poison.
  1384 | D:2      | 1384 ||| INVOKING Spit Poison.
  1471 | D:2      | 1471 ||| INVOKING Spit Poison.
  1476 | D:2      | 1476 ||| INVOKING Spit Poison.
  1511 | D:2      | 1511 ||| INVOKING Spit Poison.
  1549 | D:2      | Identified the +5 sling "Emyixzuv" {flame, rC+ Int+5 Dex-3}
  1551 | D:2      | 1551 ||| SWAPPING to +5 sling "Emyixzuv" {flame, rC+ Int+5
                  | Dex-3}.
  1662 | D:2      | 1662 ||| INVOKING Spit Poison.
  1688 | D:2      | Reached skill level 5 in Ranged Weapons
  1688 | D:2      | Reached XP level 4. HP: 39/39 MP: 4/4
  1706 | D:2      | 1706 ||| INVOKING Spit Poison.
  1722 | D:2      | 1722 ||| INVOKING Spit Poison.
  1820 | D:2      | 1820 ||| INVOKING Spit Poison.
  1824 | D:2      | 1824 ||| INVOKING Spit Poison.
  1896 | D:2      | 1896 ||| INVOKING Spit Poison.
  1999 | D:2      | 1999 ||| DROPPING ring of magical power.
  2000 | D:2      | 2000 ||| READING scroll labelled KUTEEL WATO.
  2003 | D:2      | 2003 ||| READING scroll labelled MUILIL ADOZEWK.
  2072 | D:3      | 2072 ||| INVOKING Spit Poison.
  2086 | D:3      | 2086 ||| INVOKING Spit Poison.
  2095 | D:3      | 2095 ||| INVOKING Spit Poison.
  2096 | D:3      | 2096 ||| INVOKING Spit Poison.
  2111 | D:3      | 2111 ||| INVOKING Spit Poison.
  2122 | D:3      | Noticed a phantom
  2123 | D:3      | 2123 ||| INVOKING Spit Poison.
  2129 | D:3      | 2129 ||| INVOKING Spit Poison.
  2132 | D:3      | Killed a phantom
  2133 | D:3      | Reached XP level 5. HP: 40/50 MP: 5/5
  2133 | D:3      | 2133 ||| INVOKING Spit Poison.
  2139 | D:3      | 2139 ||| INVOKING Spit Poison.
  2142 | D:3      | 2142 ||| INVOKING Spit Poison.
  2258 | D:3      | 2258 ||| INVOKING Spit Poison.
  2284 | D:3      | 2284 ||| INVOKING Spit Poison.
  2372 | D:3      | 2372 ||| INVOKING Spit Poison.
  2375 | D:3      | 2375 ||| INVOKING Spit Poison.
  2381 | D:3      | 2381 ||| INVOKING Spit Poison.
  2397 | D:3      | 2397 ||| INVOKING Spit Poison.
  2453 | D:3      | 2453 ||| FLEEEEING.
  2463 | D:3      | 2463 ||| INVOKING Spit Poison.
  2482 | D:3      | Noticed Sigmund
  2484 | D:3      | 2484 ||| INVOKING Spit Poison.
  2485 | D:3      | Killed Sigmund
  2486 | D:3      | Reached skill level 6 in Ranged Weapons
  2486 | D:3      | Reached XP level 6. HP: 57/57 MP: 6/6
  2594 | D:3      | 2594 ||| INVOKING Spit Poison.
  2601 | D:3      | 2601 ||| INVOKING Spit Poison.
  2607 | D:3      | 2607 ||| INVOKING Spit Poison.
  2661 | D:3      | Found a stormy altar of Qazlal.
  2661 | D:3      | Found a hide-covered altar of Uskayaw.
  2662 | D:3      | 2662 ||| INVOKING Spit Poison.
  2682 | D:3      | 2682 ||| INVOKING Spit Poison.
  2917 | D:3      | 2917 ||| UPGRADING to ring of willpower.
  2918 | D:3      | 2918 ||| READING scroll labelled COJAFUNGYW.
  2919 | D:3      | 2919 ||| DRINKING 2 lumpy amethyst potions.
  2920 | D:3      | 2920 ||| DRINKING 2 yellow potions.
  2921 | D:3      | 2921 ||| READING 4 scrolls of identify.
  2921 | D:3      | 2921 ||| IDENTIFYING fizzy coppery potion
  2922 | D:3      | 2922 ||| READING 3 scrolls of identify.
  2922 | D:3      | 2922 ||| IDENTIFYING orange potion
  2923 | D:3      | 2923 ||| READING 2 scrolls of identify.
  2923 | D:3      | 2923 ||| IDENTIFYING pink potion
  2924 | D:3      | 2924 ||| DROPPING potion of magic.
  2925 | D:3      | 2925 ||| DROPPING potion of invisibility.
  2992 | D:4      | 2992 ||| INVOKING Spit Poison.
  2997 | D:4      | 2997 ||| INVOKING Spit Poison.
  3061 | D:4      | 3061 ||| INVOKING Spit Poison.
  3065 | D:4      | Reached XP level 7. HP: 64/64 MP: 7/7
  3076 | D:4      | 3076 ||| INVOKING Spit Poison.
  3082 | D:4      | 3082 ||| INVOKING Spit Poison.
  3161 | D:4      | 3161 ||| INVOKING Spit Poison.
  3166 | D:4      | Reached skill level 7 in Ranged Weapons
  3233 | D:4      | 3233 ||| INVOKING Spit Poison.
  3268 | D:4      | 3268 ||| INVOKING Spit Poison.
  3272 | D:4      | 3272 ||| INVOKING Spit Poison.
  3312 | D:4      | 3312 ||| INVOKING Spit Poison.
  3455 | D:4      | 3455 ||| INVOKING Spit Poison.
  3519 | D:4      | 3519 ||| INVOKING Spit Poison.
  3525 | D:4      | 3525 ||| INVOKING Spit Poison.
  3547 | D:4      | 3547 ||| INVOKING Spit Poison.
  3550 | D:4      | 3550 ||| Stepping ~*~*~tactically~*~*~ (outnumbered).
  3553 | D:4      | 3553 ||| INVOKING Spit Poison.
  3560 | D:4      | 3560 ||| INVOKING Spit Poison.
  3857 | D:4      | 3857 ||| READING 2 scrolls of identify.
  3857 | D:4      | 3857 ||| IDENTIFYING white potion
  3858 | D:4      | 3858 ||| DROPPING potion of attraction.
  3880 | D:5      | Entered Level 5 of the Dungeon
  3881 | D:5      | 3881 ||| INVOKING Spit Poison.
  3899 | D:5      | 3899 ||| INVOKING Spit Poison.
  3902 | D:5      | 3902 ||| INVOKING Spit Poison.
  3906 | D:5      | Reached skill level 8 in Ranged Weapons
  3906 | D:5      | Reached XP level 8. HP: 70/72 MP: 8/8
  3919 | D:5      | 3919 ||| INVOKING Spit Poison.
  3923 | D:5      | 3923 ||| INVOKING Spit Poison.
  3971 | D:5      | 3971 ||| INVOKING Spit Poison.
  3987 | D:5      | 3987 ||| INVOKING Spit Poison.
  4005 | D:5      | 4005 ||| INVOKING Spit Poison.
  4010 | D:5      | 4010 ||| INVOKING Spit Poison.
  4097 | D:5      | 4097 ||| SWAPPING to +0 orcbow.
  4098 | D:5      | 4098 ||| DROPPING +0 shortbow.
  4099 | D:5      | 4099 ||| READING scroll of enchant weapon.
  4099 | D:5      | 4099 ||| ENCHANTING +0 orcbow.
  4121 | D:5      | 4121 ||| INVOKING Spit Poison.
  4263 | D:5      | 4263 ||| INVOKING Spit Poison.
  4267 | D:5      | 4267 ||| INVOKING Spit Poison.
  4427 | D:5      | 4427 ||| READING scroll labelled MIVOLE SARE.
  4428 | D:5      | 4428 ||| READING scroll labelled CIVEDD DINK.
  4429 | D:5      | 4429 ||| READING 2 scrolls of identify.
  4429 | D:5      | 4429 ||| IDENTIFYING fuming amethyst potion
  4430 | D:5      | 4430 ||| DROPPING potion of degeneration.
  4508 | D:6      | 4508 ||| INVOKING Spit Poison.
  4561 | D:6      | Noticed Edmund
  4562 | D:6      | 4562 ||| INVOKING Spit Poison.
  4567 | D:6      | 4567 ||| INVOKING Spit Poison.
  4570 | D:6      | 4570 ||| INVOKING Spit Poison.
  4576 | D:6      | 4576 ||| INVOKING Spit Poison.
  4580 | D:6      | 4580 ||| INVOKING Spit Poison.
  4583 | D:6      | 4583 ||| INVOKING Spit Poison.
  4583 | D:6      | Killed Edmund
  4765 | D:6      | Found a staircase to the Ecumenical Temple.
  4766 | D:6      | 4766 ||| PLANNING TEMPLE
  4766 | D:6      | 4766 ||| READING 3 scrolls of identify.
  4766 | D:6      | 4766 ||| IDENTIFYING amethyst potion
  4770 | D:6      | 4770 ||| INVOKING Spit Poison.
  4844 | Temple   | Entered the Ecumenical Temple
  4845 | Temple   | 4845 ||| PLANNING OKAWARU WORSHIP
  4848 | Temple   | Became a worshipper of Warmaster Okawaru
  4848 | Temple   | 4848 ||| PLANNING D:1-11
  4875 | D:6      | 4875 ||| INVOKING Spit Poison.
  4880 | D:6      | 4880 ||| INVOKING Spit Poison.
  4962 | D:6      | 4962 ||| INVOKING Spit Poison.
  4966 | D:6      | 4966 ||| INVOKING Spit Poison.
  4973 | D:6      | Reached skill level 9 in Ranged Weapons
  4973 | D:6      | 4973 ||| INVOKING Spit Poison.
  4979 | D:6      | 4979 ||| INVOKING Spit Poison.
  4982 | D:6      | 4982 ||| INVOKING Spit Poison.
  4985 | D:6      | Reached skill level 1 in Armour
  5124 | D:6      | 5124 ||| INVOKING Spit Poison.
  5128 | D:6      | 5128 ||| INVOKING Spit Poison.
  5238 | D:6      | 5238 ||| INVOKING Spit Poison.
  5242 | D:6      | 5242 ||| INVOKING Spit Poison.
  5246 | D:6      | 5246 ||| INVOKING Spit Poison.
  5252 | D:6      | 5252 ||| INVOKING Spit Poison.
  5383 | D:6      | Reached skill level 6 in Fighting
  5383 | D:6      | Reached XP level 9. HP: 53/85 MP: 9/9
  5655 | D:6      | 5655 ||| READING 2 scrolls labelled ACWAOD LUTUXTO.
  5656 | D:6      | 5656 ||| DROPPING scroll of amnesia.
  5676 | D:7      | 5676 ||| INVOKING Spit Poison.
  5680 | D:7      | Reached * piety under Okawaru
  5681 | D:7      | Reached skill level 3 in Dodging
  5730 | D:7      | 5730 ||| INVOKING Spit Poison.
  5731 | D:7      | 5731 ||| INVOKING Heroism.
  5734 | D:7      | 5734 ||| INVOKING Spit Poison.
  5743 | D:7      | 5743 ||| INVOKING Spit Poison.
  5799 | D:7      | 5799 ||| INVOKING Spit Poison.
  5808 | D:7      | 5808 ||| INVOKING Spit Poison.
  5812 | D:7      | 5812 ||| INVOKING Spit Poison.
  5817 | D:7      | 5817 ||| Stepping ~*~*~tactically~*~*~ (outnumbered).
  5818 | D:7      | 5818 ||| INVOKING Spit Poison.
  5821 | D:7      | 5821 ||| INVOKING Spit Poison.
  5822 | D:7      | Reached skill level 1 in Invocations
  5826 | D:7      | 5826 ||| INVOKING Spit Poison.
  5833 | D:7      | 5833 ||| INVOKING Heroism.
  5834 | D:7      | 5834 ||| INVOKING Spit Poison.
  5992 | D:7      | 5992 ||| INVOKING Spit Poison.
  6080 | D:7      | 6080 ||| INVOKING Spit Poison.
  6082 | D:7      | Found a flagged portal.
  6083 | D:7      | 6083 ||| INVOKING Spit Poison.
  6272 | D:7      | 6272 ||| INVOKING Heroism.
  6273 | D:7      | 6273 ||| INVOKING Spit Poison.
  6370 | D:7      | Reached skill level 3 in Invocations
  6579 | D:7      | Found an ancient bone altar of Kikubaaqudgha.
  6622 | D:7      | 6622 ||| INVOKING Heroism.
  6623 | D:7      | 6623 ||| INVOKING Spit Poison.
  6628 | D:7      | 6628 ||| INVOKING Spit Poison.
  6633 | D:7      | 6633 ||| INVOKING Spit Poison.
  6793 | D:7      | 6793 ||| UPGRADING to +0 helmet.
  6798 | D:7      | 6798 ||| READING scroll labelled UTUFYS CIORHE.
  6814 | D:8      | 6814 ||| INVOKING Spit Poison.
  6815 | D:8      | 6815 ||| INVOKING Heroism.
  6818 | D:8      | 6818 ||| INVOKING Spit Poison.
  6822 | D:8      | Reached skill level 10 in Ranged Weapons
  6822 | D:8      | 6822 ||| INVOKING Spit Poison.
  6830 | D:8      | 6830 ||| INVOKING Spit Poison.
  7002 | D:8      | 7002 ||| INVOKING Spit Poison.
  7033 | D:8      | 7033 ||| INVOKING Spit Poison.
  7036 | D:8      | 7036 ||| INVOKING Spit Poison.
  7041 | D:8      | 7041 ||| INVOKING Spit Poison.
  7045 | D:8      | 7045 ||| INVOKING Heroism.
  7224 | D:8      | Noticed Prince Ribbit
  7225 | D:8      | 7225 ||| INVOKING Heroism.
  7228 | D:8      | 7228 ||| INVOKING Spit Poison.
  7235 | D:8      | Killed Prince Ribbit
  7329 | D:8      | Identified the amulet of the Firefly {Acrobat *Corrode
                  | rPois rN+}
  7330 | D:8      | 7330 ||| INVOKING Spit Poison.
  7331 | D:8      | 7331 ||| Stepping ~*~*~tactically~*~*~ (outnumbered).
  7334 | D:8      | 7334 ||| INVOKING Spit Poison.
  7339 | D:8      | 7339 ||| INVOKING Spit Poison.
  7370 | D:8      | Noticed a death yak
  7371 | D:8      | 7371 ||| INVOKING Heroism.
  7372 | D:8      | 7372 ||| INVOKING Spit Poison.
  7377 | D:8      | Noticed a death yak
  7378 | D:8      | 7378 ||| INVOKING Spit Poison.
  7378 | D:8      | Noticed a death yak
  7385 | D:8      | 7385 ||| INVOKING Spit Poison.
  7387 | D:8      | Slain by a death yak

Levels and vault maps discovered:
D:1:      minmay_arrival_shoal_huts, layout_basic, minivault_19
D:2:      layout_loops_corners, minmay_misc_feat_plants,
          ebering_dispersal_statue_hall
D:3:      corexii_shack_village, layout_loops_ring,
          gammafunk_temple_overflow_pools, minmay_ruptured, uniq_sigmund
D:4:      black_bear_nest_1, layout_gridville
D:5:      layout_cave_pools, nicolae_concentric_dashed_squares_wild
D:6:      layout_basic, minmay_temple_entry_ruins, uniq_edmund
D:7:      layout_loops_corners, kennysheep_mini_moat, enter_bailey_3,
          kennysheep_nub
D:8:      layout_basic, zin_statuary, dpeg_lair_monsters, uniq_maurice,
          uniq_prince_ribbit1, uniq_joseph
Temple:   sentei_temple_godly_chess

Skill      XL: |  1  2  3  4  5  6  7  8  9 |
---------------+----------------------------+-----
Ranged Weapons | 4 5 6 8 9 10 | 10.4
Fighting       | 4 6 7 |  7.0
Dodging        | 2 3 |  3.1
Armour         | 1 |  1.0
Invocations    | 4 |  4.0
Stealth        | |  1.5

Action                     |  1- 3 |  4- 6 |  7- 9 || total
---------------------------+-------+-------+-------++-------
   Fire: Shortbow          |    95 |       |       ||    95
         Sling             |     1 |    87 |    76 ||   164
         Orcbow            |       |       |   243 ||   243
 Invoke: Heroism           |       |       |     8 ||     8
Ability: Spit Poison       |    31 |    30 |    79 ||   140
    Use: Scroll            |     5 |     6 |     8 ||    19
         Potion            |     1 |     2 |       ||     3
 Armour: Leather armour    |    30 |    12 |    56 ||    98
  Dodge: Dodged            |    44 |    21 |   123 ||   188

Table legend:
 A = Non-vault XP
 B = Vault XP
 C = Vault XP percentage of total XP
 D = Non-vault monster count
 E = Vault monster count
 F = Vault count percentage of total count
                 A         B        C        D         E       F
            +---------+---------+-------+---------+---------+-------
      Total |    3725 |     868 |  18.9 |     165 |      27 |  14.1
            +---------+---------+-------+---------+---------+-------
        D:1 |      53 |       0 |   0.0 |      28 |       0 |   0.0
        D:2 |      46 |       0 |   0.0 |      19 |       0 |   0.0
        D:3 |     166 |     268 |  61.8 |      21 |      20 |  48.8
        D:4 |     508 |     133 |  20.7 |      23 |       1 |   4.2
        D:5 |     465 |       0 |   0.0 |      17 |       0 |   0.0
        D:6 |     639 |     176 |  21.6 |      18 |       1 |   5.3
        D:7 |    1321 |       8 |   0.6 |      22 |       4 |  15.4
        D:8 |     527 |     283 |  34.9 |      17 |       1 |   5.6
            +---------+---------+-------+---------+---------+-------
